 Dungeon Crawl Stone Soup version 0.25-a0-435-g4b9beb1024 (webtiles) character file.

Game seed: 3737421886019440305, levelgen mode: deterministic

95 Archen the Chopper (level 4, -1/40 HPs)
             Began as a Minotaur Berserker on Jan 29, 2020.
             Was a Believer of Trog.
             Killed from afar by an orc wizard (7 damage)
             ... with a puff of flame
             ... on level 4 of the Dungeon.
             The game lasted 00:05:55 (2222 turns).

Archen the Chopper (Minotaur Berserker)             Turns: 2222, Time: 00:05:56

Health: -1/40      AC: 14    Str: 23    XL:     4   Next: 40%
Magic:  3/3        EV:  2    Int:  4    God:    Trog [**....]
Gold:   93         SH: 14    Dex:  9    Spells: 3/3 levels left

rFire    . . .     SeeInvis .   a - +0 hand axe
rCold    . . .     Gourm    .   p - +2 large shield
rNeg     . . .     Faith    .   g - +1 plate armour {rPois}
rPois    +         Spirit   .   (helmet restricted)
rElec    .         Reflect  .   q - +0 cloak
rCorr    .         Harm     .   (no gloves)
MR       .....                  o - +0 pair of boots
Stlth    ..........             (no amulet)
HPRegen  0.13/turn              i - ring of poison resistance
MPRegen  0.08/turn              (no ring)

@: no status effects
A: retaliatory headbutt, horns 2
a: Berserk, Trog's Hand, Renounce Religion


You were on level 4 of the Dungeon.
You worshipped Trog.
Trog was pleased with you.
You were not hungry.

You visited 1 branch of the dungeon, and saw 4 of its levels.

You collected 93 gold pieces.

Inventory:

Hand Weapons
 a - a +0 hand axe (weapon)
Armour
 g - a +1 plate armour of poison resistance (worn)
 j - a +2 ring mail of magic resistance
 o - a +0 pair of boots (worn)
 p - a +2 large shield (worn)
 q - a +0 cloak (worn)
Jewellery
 i - a ring of poison resistance (left hand)
Scrolls
 e - 3 scrolls of identify
 h - 3 scrolls of teleportation
Potions
 d - 2 potions of flight {unknown}
 f - a potion of invisibility {unknown}
 l - a potion of curing {unknown}
 n - a potion of cancellation {unknown}
Comestibles
 b - 2 chunks of flesh
 c - 5 rations


   Skills:
 + Level 4.2 Fighting
 * Level 4.9 Axes
 + Level 3.3 Armour
 + Level 3.0 Dodging


You had 3 spell levels left.
You didn't know any spells.
Your spell library was empty.

Dungeon Overview and Level Annotations

Branches:
Dungeon (4/15)
 Temple: D:4-7

Altars:


Innate Abilities, Weirdness & Mutations

You reflexively headbutt those who attack you in melee.
You have a pair of horns on your head.


Message History

You block the orc wizard's attack.
You hear some strange, mumbled words.
A puff of flame appears from out of thin air!
The puff of flame hits you but does no damage.
You closely miss something. You headbutt something!
You hit the orc wizard but do no damage. x2
You block the orc wizard's attack. x2; Something hits you but does no damage.
The orc wizard hits you but does no damage. x2
Something hits you but does no damage.
Your shield and plate armour prevent you from hitting something.
You hit the orc wizard. You barely miss the orc wizard.
You block the orc wizard's attack.
The orc wizard hits you but does no damage.
Something hits you but does no damage. You block the orc wizard's attack.
The orc wizard casts a spell.
The orc wizard blinks!
You hear some strange, mumbled words.
A puff of flame appears from out of thin air!
The puff of flame hits you!
You die...

.. ..# ...
#.###########
#..#.......o#
#..........#
#..ยง......####
#({@o.........
##............
#........(#
#.........#
#....<....#
#........##
...............
######.##..####
### ###


You could see 2 orc wizards.

Vanquished Creatures
  A worker ant (D:4)
  2 worms (D:2)
  A dart slug (D:1)
  2 leopard geckos (D:3)
  3 orcs
  5 giant cockroaches
  7 goblins
  3 hobgoblins
  3 jackals (D:3)
  8 kobolds
  2 quokkas
  A ball python (D:2)
  7 bats
  3 frilled lizards
  9 rats
57 creatures vanquished.

Notes
Turn   | Place    | Note
-------+----------+-------------------------------------------
     0 | D:1      | Archen the Minotaur Berserker began the quest for the Orb.
     0 | D:1      | Reached XP level 1. HP: 19/19 MP: 0/0
   166 | D:1      | Reached XP level 2. HP: 27/27 MP: 1/1
  1012 | D:2      | Reached XP level 3. HP: 22/33 MP: 2/2
  1479 | D:2      | Reached ** piety under Trog
  2198 | D:4      | Reached XP level 4. HP: 37/40 MP: 3/3
  2222 | D:4      | Killed from afar by an orc wizard

Levels and vault maps discovered:
D:1:      sevenhm_arrival_forest_fort_small_3, layout_loops_corners,
          kennysheep_decorative_pillar, minmay_unequal
D:2:      layout_basic
D:3:      minmay_evil_eye, layout_rooms, chequers_ecumenical_altar_island,
          hangedman_abyss_or_decor_stabs
D:4:      layout_rooms, lemuel_zombie_altar_yredelemnul, first_ration,
          kennysheep_generic_room_4

Skill      XL: |  1  2  3  4 |
---------------+-------------+-----
Axes           | 4 |  4.9
Fighting       | 4 |  4.2
Armour         | 3 |  3.3
Dodging        | 3 |  3.0

Action                   |  1- 3 |  4- 6 || total
-------------------------+-------+-------++-------
Melee: Hand axe          |   143 |    23 ||   166
       Headbutt          |    15 |     3 ||    18
  Use: Scroll            |     5 |       ||     5
 Stab: Sleeping          |     2 |       ||     2
  Eat: Chunk             |     4 |       ||     4
Armor: Animal skin       |     7 |       ||     7
       Plate armour      |    75 |    37 ||   112
       Ring mail         |     6 |       ||     6
Dodge: Dodged            |    73 |     1 ||    74
Block: Large shield      |    24 |    33 ||    57

Table legend:
 A = Non-vault XP
 B = Vault XP
 C = Vault XP percentage of total XP
 D = Non-vault monster count
 E = Vault monster count
 F = Vault count percentage of total count
                 A         B        C        D         E       F
            +---------+---------+-------+---------+---------+-------
      Total |     128 |       9 |   6.6 |      52 |       5 |   8.8
            +---------+---------+-------+---------+---------+-------
        D:1 |      26 |       5 |  16.1 |      16 |       3 |  15.8
        D:2 |      26 |       0 |   0.0 |      14 |       0 |   0.0
        D:3 |      33 |       4 |  10.8 |      17 |       2 |  10.5
        D:4 |      43 |       0 |   0.0 |       5 |       0 |   0.0
            +---------+---------+-------+---------+---------+-------
